 Dungeon Sprint DCSS version 0.20-a0-556-g892c87b (webtiles) character file.

206 Kidiri the Thaumaturge (level 5, -5/32 HPs)
             Began as a Deep Elf Fire Elementalist on Feb 4, 2017.
             Was a Follower of Vehumet.
             Splashed by a brown ugly thing's acid (9 damage)
             ... in the Dungeon (Sprint V: "Ziggurat Sprint").
             The game lasted 00:02:12 (186 turns).

Kidiri the Thaumaturge (Deep Elf Fire Elementalist)  Turns: 186, Time: 00:02:13

Health: -5/32      AC: -5    Str:  5    XL:     5   Next: 53%
Magic:  19/23      EV: 15    Int: 27    God:    Vehumet [*.....]
Gold:   0          SH:  0    Dex: 15    Spells: 17/20 levels left

rFire    . . .     SeeInvis .   m - +6 Majin-Bo {vamp, Archmagi MP+6 Int+6}
rCold    . . .     Gourm    .   a - +0 robe
rNeg     . . .     Faith    .   (shield currently unavailable)
rPois    .         Spirit   .   (no helmet)
rElec    .         Reflect  .   (no cloak)
rCorr    .         Harm     .   (no gloves)
MR       .....     NoTele   +   (no boots)
Stlth    ++........             (no amulet)
Regen    0.1/turn               (no ring)
                                (no ring)

@: corroded
A: no striking features
a: Renounce Religion


You were in the Dungeon.
You worshipped Vehumet.
Vehumet was aware of your devotion.
You were not hungry.

You visited 1 branch

Inventory:

Hand Weapons
 m - the +6 Majin-Bo (weapon) {vamp, Archmagi MP+6 Int+6}
   (You found it in the Dungeon)

   It inflicts no extra harm, but heals its wielder when it wounds a living foe.
   It affects your intelligence (+6).
   It affects your magic capacity (+6).
Armour
 a - a +0 robe (worn)
Jewellery
 y - a +6 ring of dexterity
 z - a +6 ring of dexterity
 A - a +6 ring of intelligence
 B - a +6 ring of intelligence
 C - a +6 ring of strength
 D - a +6 ring of strength
Wands
 E - a wand of disintegration (3/24)
 F - a wand of iceblast (4/15)
 G - a wand of lightning (5/15)
 H - a wand of acid (5/15)
Scrolls
 i - 4 scrolls of blinking
 p - 4 scrolls of amnesia
 q - 3 scrolls of recharging
 r - 7 scrolls of fog
 s - a scroll of holy word
 t - 5 scrolls of identify
 u - 5 scrolls of remove curse
 v - 2 scrolls of fear
Potions
 d - 9 potions of curing
 e - 8 potions of heal wounds
 f - 6 potions of haste
 g - 7 potions of magic
 h - 3 potions of berserk rage
 j - 2 potions of brilliance
 k - 2 potions of invisibility
 l - 4 potions of resistance
 n - 5 potions of agility
 o - 5 potions of might
Books
 b - a book of Flames

   Spells                             Type                      Level
   a - Flame Tongue                   Conjuration/Fire             1
   b - Throw Flame                    Conjuration/Fire             2
   c - Conjure Flame                  Conjuration/Fire             3
   d - Inner Flame                    Hexes/Fire                   3
   e - Sticky Flame                   Conjuration/Fire             4
   f - Fireball                       Conjuration/Fire             5
Comestibles
 c - 5 bread rations
 w - 40 fruits
 x - 4 meat rations
 I - 2 chunks of flesh


   Skills:
 + Level 3.0 Fighting
 + Level 3.9 Staves
 + Level 3.0 Armour
 + Level 5.4 Dodging
 - Level 2.4 Stealth
 * Level 8.1 Spellcasting
 + Level 4.6 Conjurations
 + Level 5.5 Fire Magic
 + Level 4.2 Evocations


You had 17 spell levels left.
You knew the following spells:

 Your Spells              Type           Power        Failure   Level  Hunger
a - Flame Tongue          Conj/Fire      #####        1%          1    None
b - Throw Flame           Conj/Fire      ######       1%          2    None


Dungeon Overview and Level Annotations

Branches:
Dungeon (1/1)

Altars:
Ashenzari
Cheibriados
Dithmenos
Elyvilon
Fedhas
Gozag
Hepliaklqana
Kikubaaqudgha
Makhleb
Nemelex Xobeh
Okawaru
Qazlal
Ru
Sif Muna
Trog
Uskayaw
Vehumet
Xom
Yredelemnul
Zin
The Shining One
Beogh
Jiyva
Lugonu


Message History

Aiming: Disintegrate
Press: ? - help, Shift-Dir - straight line, f/p - brown ugly thing
Aim: a brown ugly thing (lightly wounded, chance to defeat MR: 66%)
The brown ugly thing is blasted.
This wand has 4 charges left.
The brown ugly thing tail-slaps you! The acid corrodes you!
You are splashed with acid!
The acid burns!
You feel much better. The brown ugly thing tail-slaps you.
You are splashed with acid!
The acid burns!
You feel much better. The brown ugly thing tail-slaps you.
You are splashed with acid!
The acid burns!
Unknown command.
Evoke which item? (* to show all) (? for menu, Esc to quit)
Aiming: Disintegrate
Press: ? - help, Shift-Dir - straight line, f/p - brown ugly thing
Aim: a brown ugly thing (moderately wounded, chance to defeat MR: 66%)
The brown ugly thing struggles to resist.
This wand has 3 charges left.
The brown ugly thing tail-slaps you!
* * * LOW HITPOINT WARNING * * *
The acid corrodes you!
You are splashed with acid!
The acid burns!
You die...

▓▓▓▓▓▓▓▓▓▓▓▓▓
▓.8©8.▓.8©8.▓
▓.)):.▓.....▓
▓.....▓.).).▓
▓.....▓.....▓
▓.....▓.....▓
▓.u†..▓.....▓
▓.@...▓▓▓▓▓▓▓
▓▓▓▓▓▓▓


You could see a brown ugly thing.

Vanquished Creatures
  A golden eye (shapeshifter) (D)
  A scorpion (shapeshifter) (D)
  2 adders (D)
4 creatures vanquished.

Vanquished Creatures (others)
  Blork the orc (D)
  Terence (D)
2 creatures vanquished.

Grand Total: 6 creatures vanquished

Notes
Turn   | Place    | Note
-------+----------+-------------------------------------------
     0 | D        | Kidiri the Deep Elf Fire Elementalist began the quest for the Orb.
     0 | D        | Reached XP level 1. HP: 10/10 MP: 6/6
     0 | D        | Found a deep blue altar of Sif Muna.
     0 | D        | Found a sacrificial altar of Ru.
     0 | D        | Found a bloodstained altar of Trog.
     0 | D        | Found a stormy altar of Qazlal.
     0 | D        | Found an iron altar of Okawaru.
     0 | D        | Found a sparkling altar of Nemelex Xobeh.
     0 | D        | Found a blossoming altar of Fedhas.
     2 | D        | Found an ancient bone altar of Kikubaaqudgha.
     2 | D        | Found a viscous altar of Jiyva.
     2 | D        | Found a corrupted altar of Lugonu.
     2 | D        | Found a hazy altar of Hepliaklqana.
     2 | D        | Found a burning altar of Makhleb.
     2 | D        | Found an opulent altar of Gozag.
     2 | D        | Killed Terence
     3 | D        | Killed Blork the orc
    56 | D        | Reached skill level 1 in Fighting
    56 | D        | Reached skill level 1 in Armour
    56 | D        | Reached skill level 5 in Spellcasting
    56 | D        | Reached XP level 2. HP: 16/16 MP: 6/10
    67 | D        | Became a worshipper of Vehumet
   126 | D        | Learned a level 2 spell: Throw Flame
   126 | D        | Entered arena 1.
   177 | D        | Entered arena 2.
   177 | D        | Noticed a sky beast
   177 | D        | Noticed a brown ugly thing
   177 | D        | Noticed a scorpion
   177 | D        | Noticed a golden eye
   177 | D        | a sky beast changed into a golden eye
   180 | D        | Killed a golden eye
   180 | D        | Reached * piety under Vehumet
   180 | D        | Offered knowledge of Freeze by Vehumet.
   180 | D        | Reached skill level 5 in Dodging
   180 | D        | Reached skill level 7 in Spellcasting
   180 | D        | Reached skill level 5 in Fire Magic
   180 | D        | Reached XP level 3. HP: 22/22 MP: 14/14
   180 | D        | Reached XP level 4. HP: 27/27 MP: 15/15
   180 | D        | Reached XP level 5. HP: 32/32 MP: 17/17
   182 | D        | Reached skill level 8 in Spellcasting
   186 | D        | Splashed by a brown ugly thing's acid

Vault maps used:
D:        sprint_v

Skill      XL: |  1  2  3  4  5 |
---------------+----------------+-----
Fighting       | 1 2 3 |  3.0
Staves         | 2 3 |  3.9
Armour         | 1 2 3 |  3.0
Dodging        | 3 5 |  5.4
Spellcasting   | 5 7 8 |  8.1
Conjurations   | 2 4 |  4.6
Fire Magic     | 4 5 |  5.5
Evocations     | 2 4 |  4.2
Stealth        | |  2.4

Action                   |  1- 3 |  4- 6 || total
-------------------------+-------+-------++-------
 Cast: Flame Tongue      |     3 |       ||     3
Evoke: Wand              |     1 |     4 ||     5
  Use: Potion            |     2 |     2 ||     4
  Eat: Fruit             |     2 |       ||     2
Dodge: Dodged            |     3 |       ||     3
